 Dungeon Crawl Stone Soup version 0.19-a0-1170-g18f0c96 (webtiles) character file.

544 Ladykiller69 the Shield-Bearer (level 7, -3/54 HPs)
             Began as a Formicid Fighter on Aug 17, 2016.
             Killed by Freeze
             ... invoked by Aquadorian's ghost
              (15 damage)
             ... on level 5 of the Dungeon.
             The game lasted 00:17:13 (3231 turns).

Ladykiller69 the Shield-Bearer (Formicid Fighter)   Turns: 3231, Time: 00:17:15

Health: -3/54      AC:  7    Str: 22    XL:     7   Next: 52%
Magic:  7/7        EV:  9    Int:  8    God:
Gold:   128        SH: 10    Dex: 10    Spells: 0 memorised, 6 levels left

rFire  . . .     SeeInvis +     d - +1 battleaxe
rCold  . . .     Gourm    .     b - +0 scale mail
rNeg   . . .     Faith    .     c - +0 shield
rPois  .         Spirit   .     (helmet unavailable)
rElec  .         Dismiss  .     (no cloak)
rCorr  .         Reflect  .     (no gloves)
MR     .....     Harm     .     (no boots)
Stlth  ..........               (no amulet)
                                (no ring)
                                (no ring)

@: lethally poisoned (-3 -> -29)
A: permanent stasis, dig shafts and tunnels, four strong arms, antennae 3
a: Dig, Shaft Self


You were on level 5 of the Dungeon.
You were hungry.

You visited 1 branch of the dungeon, and saw 5 of its levels.

You collected 128 gold pieces.

Inventory:

Hand Weapons
 a - a +0 war axe
 d - a +1 battleaxe (weapon)
Missiles
 u - 6 tomahawks (quivered)
Armour
 b - a +0 scale mail (worn)
 c - a +0 shield (worn)
Jewellery
 h - an uncursed ring of wizardry {unknown}
 n - an uncursed ring of ice {unknown}
 x - an uncursed amulet of guardian spirit {unknown}
 y - an uncursed ring of ice {unknown}
Scrolls
 e - 5 scrolls of identify {unknown}
 k - a scroll of amnesia {unknown}
 m - 2 scrolls of random uselessness {unknown}
 o - a scroll of fog {unknown}
 p - a scroll of immolation {unknown}
 q - a scroll of blinking {unknown}
 r - a scroll of remove curse {unknown}
 v - a scroll of enchant weapon {unknown}
 w - a scroll of teleportation {unknown}
Potions
 i - a potion of resistance {unknown}
 l - 2 potions of berserk rage {unknown}
 z - a potion of mutation {unknown}
 A - a potion of invisibility {unknown}
 B - a potion of lignification {unknown}
Books
 s - a book of Necromancy

   Spells                             Type                      Level
   a - Pain                           Necromancy                   1
   b - Animate Skeleton               Necromancy                   1
   c - Vampiric Draining              Necromancy                   3
   d - Regeneration                   Charms/Necromancy            3
   e - Animate Dead                   Necromancy                   4
   f - Control Undead                 Necromancy                   4
Comestibles
 f - 3 bread rations
 g - 2 beef jerkies
 j - a slice of pizza
 t - a meat ration


   Skills:
 - Level 4.0 Fighting
 + Level 5.2 Axes
 - Level 4.0 Armour
 - Level 0.1 Dodging
 + Level 6.8 Shields


You had 6 spell levels left.
You didn't know any spells.

Dungeon Overview and Level Annotations

Branches:
Dungeon (5/15)
 Temple: D:4-7

Altars:
Dithmenos
Elyvilon
Qazlal
Trog
Zin

Annotations:
D:4 Menkaure
D:5 Aquadorian's ghost, novice GrIE


Innate Abilities, Weirdness & Mutations

You are under a permanent stasis effect.
You can dig through walls and to a lower floor.
Your four strong arms can wield two-handed weapons with a shield.
You have a pair of large antennae on your head. (SInv)


Message History

You feel sick.
Aquadorian's ghost hits you but does no damage.
You are more poisoned.
Aquadorian's ghost hits you.
You are lethally poisoned!
You hit Aquadorian's ghost but do no damage.
Aquadorian's ghost is almost destroyed.
* * * LOW HITPOINT WARNING * * *
You feel very sick. Aquadorian's ghost hits you.
* * * LOW HITPOINT WARNING * * *
You are more poisoned.
You barely miss Aquadorian's ghost.
Aquadorian's ghost is almost destroyed.
* * * LOW HITPOINT WARNING * * *
You feel very sick. Aquadorian's ghost barely misses you.
Aquadorian's ghost casts a spell at you.
You are frozen.
You die...

#.. #.. .# #..#
#.. #.###.. #.#
#..##.. #.#
#...... #c#
...##.# #W#
.#.##.##########@#
.#.##............#
.#.##............#
......############
#######


You could see a centaur and Aquadorian's ghost.

Vanquished Creatures
  The ghost of Ajdolov the Poker, an amateur MfMo (D:3)
  4 wights (D:4)
  A crimson imp (D:5)
  A hound (D:4)
  Natasha (thrice) (D:3)
  2 worker ants (D:4)
  3 adders (D:2)
  An ooze (D:2)
  4 worms
  A giant gecko (D:1)
  6 orcs (D:3)
  A ball python (D:3)
  A giant cockroach (D:1)
  5 goblins
  4 hobgoblins
  6 jackals
  A quokka (D:2)
  9 bats
  8 giant newts
  4 kobolds
  7 rats
73 creatures vanquished.

Vanquished Creatures (others)
  A jackal (D:2)
  2 kobolds (D:2)
3 creatures vanquished.

Grand Total: 76 creatures vanquished

Notes
Turn   | Place    | Note
-------+----------+-------------------------------------------
     0 | D:1      | Ladykiller69 the Formicid Fighter began the quest for the Orb.
     0 | D:1      | Reached XP level 1. HP: 18/18 MP: 1/1
   107 | D:1      | Reached XP level 2. HP: 21/24 MP: 2/2
   296 | D:1      | Reached skill level 4 in Shields
   912 | D:2      | Reached XP level 3. HP: 17/29 MP: 3/3
  1172 | D:2      | Found a white marble altar of Elyvilon.
  1280 | D:2      | Reached XP level 4. HP: 37/37 MP: 4/4
  1514 | D:2      | Found a stormy altar of Qazlal.
  1525 | D:2      | Found a bloodstained altar of Trog.
  1989 | D:4      | Reached XP level 5. HP: 25/42 MP: 5/5
  2028 | D:4      | Reached skill level 5 in Shields
  2033 | D:4      | Reached XP level 6. HP: 28/48 MP: 6/6
  2332 | D:4      | Reached skill level 6 in Shields
  2450 | D:3      | Noticed Ajdolov's ghost (amateur MfMo)
  2474 | D:3      | Killed Ajdolov's ghost
  2474 | D:3      | Reached XP level 7. HP: 35/54 MP: 7/7
  2662 | D:3      | Noticed Natasha
  2671 | D:3      | Killed Natasha
  2678 | D:3      | Noticed Natasha
  2701 | D:3      | Killed Natasha
  2701 | D:3      | Reached skill level 5 in Axes
  2850 | D:3      | Noticed Natasha
  2856 | D:3      | Killed Natasha
  2861 | D:3      | Found a glowing silver altar of Zin.
  2864 | D:3      | Found a shadowy altar of Dithmenos.
  3035 | D:4      | Noticed Menkaure
  3043 | D:4      | You fall through a shaft!
  3043 | D:5      | Entered Level 5 of the Dungeon
  3223 | D:5      | Noticed Aquadorian's ghost (novice GrIE)
  3231 | D:5      | Killed from afar by Aquadorian's ghost

Vault maps used:
D:1:      dpeg_arrival_prison, serial_forest, infiniplex_forest_split,
          infiniplex_forest_straight_2, infiniplex_forest_clump_diagonal,
          infiniplex_forest_end_2, infiniplex_forest_corner_2,
          infiniplex_forest_clump_double, infiniplex_forest_lined_3,
          infiniplex_forest_straight_2
D:2:      amethyst_overflow_temple_binary, elyvilon_altar_4
D:3:      kb_forest_paths, gammafunk_temple_overflow_statue, uniq_natasha
D:4:      first_bread, lexackson_kobold_supper, uniq_menkaure
D:5:      minmay_tree_intersection

Skill      XL: |  1  2  3  4  5  6  7 |
---------------+----------------------+-----
Shields        | 4 5 6 |  6.8
Fighting       | 4 |  4.0
Axes           | 3 4 5 |  5.2
Armour         | 4 |  4.0
Dodging        | |  0.1

Action                   |  1- 3 |  4- 6 |  7- 9 || total
-------------------------+-------+-------+-------++-------
Melee: War axe           |    90 |    93 |       ||   183
       Battleaxe         |       |    43 |    83 ||   126
 Abil: Dig               |     5 |     4 |     3 ||    12
       Shaft Self        |       |       |     1 ||     1
  Use: Potion            |       |     1 |       ||     1
  Eat: Chunk             |     2 |     3 |     4 ||     9
Armor: Scale mail        |    40 |    52 |    24 ||   116
       Skin              |       |       |     3 ||     3
Dodge: Dodged            |    29 |    46 |    28 ||   103
Block: Shield            |    54 |    67 |    43 ||   164
